 Dungeon Crawl Stone Soup version 0.21-a0-496-g696f58f (webtiles) character file.

85 Gwenloh the Skirmisher (level 4, -2/40 HPs)
             Began as a Draconian Monk on Nov 23, 2017.
             Slain by a steam dragon (4 damage)
             ... on level 3 of the Dungeon.
             The game lasted 00:09:09 (2876 turns).

Gwenloh the Skirmisher (Draconian Monk)             Turns: 2876, Time: 00:09:09

Health: -2/40      AC:  5    Str: 14    XL:     4   Next: 25%
Magic:  4/4        EV: 13    Int: 11    God:
Gold:   133        SH:  0    Dex: 13    Spells: 3/3 levels left

rFire    . . .     SeeInvis .     - Unarmed
rCold    . . .     Gourm    .   (no shield)
rNeg     . . .     Faith    .   (armour unavailable)
rPois    .         Spirit   .   (helmet restricted)
rElec    .         Reflect  .   (no cloak)
rCorr    .         Harm     .   (no gloves)
MR       .....                  (no boots)
Stlth    ++........             (no amulet)
HPRegen  0.13/turn              (no ring)
MPRegen  0.09/turn              (no ring)

@: no status effects
A: unfitting armour, cold-blooded, AC +5
a: no special abilities


You were on level 3 of the Dungeon.
You were not hungry.

You visited 1 branch of the dungeon, and saw 3 of its levels.

You collected 133 gold pieces.

Inventory:

Hand Weapons
 a - a +0 hunting sling
Missiles
 c - 159 stones
 g - 20 bolts
 m - 14 sling bullets
 n - 6 javelins (quivered)
 t - 19 arrows
Scrolls
 e - 4 scrolls of identify {unknown}
 k - a scroll of teleportation {unknown}
 l - a scroll of fog {unknown}
 s - a scroll of noise {unknown}
 u - a scroll of remove curse {unknown}
Potions
 b - a potion of agility {unknown}
 d - 2 potions of berserk rage {unknown}
 h - a potion of brilliance {unknown}
 i - a potion of lignification {unknown}
 j - a potion of heal wounds {unknown}
 o - a potion of curing {unknown}
 r - a potion of haste {unknown}
Comestibles
 f - 2 meat rations
 q - 4 bread rations


   Skills:
 + Level 4.2 Fighting
 + Level 3.4 Dodging
 - Level 1.7 Stealth
 + Level 3.8 Unarmed Combat


You had 3 spell levels left.
You didn't know any spells.

Dungeon Overview and Level Annotations

Branches:
Dungeon (3/15)

Altars:

Annotations:
D:3 Grinder


Innate Abilities, Weirdness & Mutations

Your plain brown scales are hard. (AC +5)
You cannot fit into any form of body armour.
You are cold-blooded and may be slowed by cold attacks.


Message History

The steam dragon claws you but does no damage.
Really attack while wielding your +0 hunting sling? [Y]es or [N]o only, please.
Really attack while wielding your +0 hunting sling? [Y]es or [N]o only, please.
Really attack while wielding your +0 hunting sling? [Y]es or [N]o only, please.
Really attack while wielding your +0 hunting sling? [Y]es or [N]o only, please.
Really attack while wielding your +0 hunting sling? [Y]es or [N]o only, please.
Really attack while wielding your +0 hunting sling? [Y]es or [N]o only, please.
Really attack while wielding your +0 hunting sling?
Okay, then.
You are now empty-handed.
You hit the steam dragon.
The steam dragon is lightly wounded.
The steam dragon closely misses you. The steam dragon claws you.
You die...

...............<.............
...#####.)............D.
...#####..........§.....
.......'..........§....#
.#######.........####### .#
#.....<..)# .# ##........# ##
########D# #@# #.# #§# #§#
#.# #.# #.# #.# #.#


You could see a steam dragon.

Vanquished Creatures
  3 adders
  An ooze (D:2)
  A worm (D:2)
  A dart slug (D:1)
  2 leopard geckos
  5 bats (D:1)
  5 giant cockroaches
  6 goblins
  6 hobgoblins
  10 kobolds
  5 rats (D:1)
45 creatures vanquished.

Vanquished Creatures (others)
  A bat (D:3)
  A rat (D:3)
2 creatures vanquished.

Grand Total: 47 creatures vanquished

Notes
Turn   | Place    | Note
-------+----------+-------------------------------------------
     0 | D:1      | Gwenloh the Draconian Monk began the quest for the Orb.
     0 | D:1      | Reached XP level 1. HP: 19/19 MP: 1/1
    72 | D:1      | Reached XP level 2. HP: 18/26 MP: 2/2
   648 | D:1      | Reached XP level 3. HP: 31/33 MP: 3/3
  1024 | D:2      | Reached skill level 4 in Fighting
  1450 | D:2      | Reached XP level 4. HP: 40/40 MP: 4/4
  1799 | D:3      | Noticed Grinder
  2030 | D:3      | Noticed a steam dragon
  2874 | D:3      | HP: 2/40 [steam dragon] (9)]
  2876 | D:3      | Slain by a steam dragon

Vault maps used:
D:1:      tarquinn_simple_flora_water_a, st_stairs_9
D:3:      lemuel_round_altar, uniq_sigmund, uniq_grinder

Skill      XL: |  1  2  3 |
---------------+----------+-----
Dodging        | 3 |  3.4
Fighting       | 4 |  4.2
Stealth        | |  1.7
Unarmed Combat | |  3.8

Action                   |  1- 3 |  4- 6 || total
-------------------------+-------+-------++-------
Melee: Unarmed           |   131 |    24 ||   155
       Tailslap          |    13 |     1 ||    14
       Punch             |       |     1 ||     1
 Fire: Hunting sling     |    10 |    14 ||    24
Throw: Stone             |    32 |       ||    32
       Javelin           |     7 |       ||     7
 Stab: Sleeping          |     3 |     1 ||     4
  Eat: Chunk             |     2 |       ||     2
       Fruit             |       |     2 ||     2
       Royal jelly       |       |     1 ||     1
Armor: Skin              |    28 |    16 ||    44
Dodge: Dodged            |    91 |    35 ||   126

Table legend:
 A = Spawn XP
 B = Non-spawn XP
 C = Spawn XP percentage of total XP
 D = Spawn monster count
 E = Non-spawn monster count
 F = Spawn count percentage of total count
 G = Total turns spent on level
                    A         B        C        D         E        F      G
               +---------+---------+-------+---------+---------+-------+---------
         Total |       0 |     122 |   0.0 |       0 |      45 |   0.0 |  2876
               +---------+---------+-------+---------+---------+-------+---------
           D:1 |       0 |      44 |   0.0 |       0 |      26 |   0.0 |   821
           D:2 |       0 |      63 |   0.0 |       0 |      17 |   0.0 |  1655
           D:3 |       0 |      15 |   0.0 |       0 |       2 |   0.0 |   400
               +---------+---------+-------+---------+---------+-------+---------
